AoeStats
← Niko0

Lombardia

510239600Analyzed
2v2 RM · 18h ago on Sep 30, 2026· 51m 3s· 4 players
Game mode
Random Map
Map size
Medium (4 player)
Population
200
Speed
Normal
Resources
Standard
Victory
Conquest
Starting age
Dark Age
Ending age
Imperial Age
RankedLock teamsTeams togetherTeam positionsShared explorationLock speedFull tech treeHidden civsTurbo modeCheats
Victory
Defeat
🇦🇷 Koreans · Argentina
963
+15
🇦🇷 Chinese · Argentina
894
+18
🇦🇷 Huns · Argentina
970
-17
🇦🇷 Burgundians · Argentina
922
-16
SimbaSKYwalker
0:27 Loom
11:34 Feudal Age
11:37 Horse Collar
11:45 Double-Bit Axe
22:45 Castle Age
23:14 Caravan
23:12 Pikeman
23:53 Squires
23:20 Elite Skirmisher
24:37 Cavalier
30:36 Murder Holes
39:13 Imperial Age
41:02 Chemistry
49:38 Conscription
50:02 Onager
ZEROarg
0:28 Loom
13:58 Feudal Age
19:26 Castle Age
18:22 Fletching
18:34 Double-Bit Axe
19:39 Padded Archer Armor
25:50 Elite Skirmisher
30:35 Gold Mining
31:25 Bow Saw
31:55 Gold Shaft Mining
31:03 Horse Collar
33:49 Bloodlines
34:11 Husbandry
35:06 Bodkin Arrow
35:35 Ballistics
41:51 Imperial Age
43:09 Bracer
47:13 Marauders
47:30 Forging
47:27 Scale Barding Armor
46:58 Cavalier
48:54 Iron Casting
49:51 Chain Barding Armor
51:51 Plate Barding Armor
52:18 Blast Furnace
xxxsoniicoxxx
0:59 Loom
13:30 Feudal Age
14:47 Man-at-Arms
15:13 Arson
18:32 Scale Mail Armor
22:05 Forging
22:57 Town Watch
26:07 Fletching
30:53 Castle Age
29:49 Bloodlines
29:56 Double-Bit Axe
32:40 Padded Archer Armor
32:37 Bodkin Arrow
34:01 Husbandry
35:43 Elite Skirmisher
42:34 Imperial Age
43:34 Great Wall
43:50 Town Patrol
45:38 Capped Ram
50:15 Heavy Rocket Cart
Niko0
11:47 Feudal Age
12:53 Loom
13:43 Wheelbarrow
15:28 Wheelbarrow
15:44 Stone Mining
18:06 Castle Age
16:39 Double-Bit Axe
16:40 Horse Collar
19:49 Stone Shaft Mining
19:35 Town Watch
21:31 Bow Saw
21:59 Gold Mining
25:08 Fletching
26:57 Bodkin Arrow
27:16 Forging
28:31 Hand Cart
29:36 Town Patrol
31:47 Iron Casting
31:58 Bodkin Arrow
33:22 Gold Shaft Mining
37:15 Imperial Age
36:17 Ballistics
38:02 Bracer
43:06 Chemistry
42:05 Murder Holes
43:49 Two-Man Saw
44:39 Elite War Wagon
46:19 Eupseong
46:49 Conscription
Connection lost

Rejoining the realm…

Still unreachable

The connection could not be restored.

Session expired

The server has moved on; the page needs a fresh start.